 Dungeon Crawl Stone Soup version 0.18.1-47-g9310371 (webtiles) character file.

1106 Metae the Covered (level 8, -1/74 HPs)
             Began as a Deep Dwarf Fighter on June 14, 2016.
             Was a Follower of Okawaru.
             Splashed by a jelly's acid (2 damage)
             ... on level 3 of the Dungeon.
             The game lasted 00:33:59 (4076 turns).

Metae the Covered (Deep Dwarf Fighter)              Turns: 4076, Time: 00:34:00

Health: -1/74      AC: -36   Str: 20    XL:     8   Next: 11%
Magic:  15/15      EV:  7    Int:  9    God:    Okawaru [*.....]
Gold:   264        SH: 10    Dex: 14    Spells: 0 memorised, 9 levels left

rFire  + . .     SeeInvis .     C - +0 falchion
rCold  . . .     Gourm    .     y - +0 chain mail
rNeg   . . .     Faith    .     c - +0 shield
rPois  .         Spirit   .     w - +0 helmet
rElec  .         Dismiss  .     (no cloak)
rCorr  .         Reflect  .     (no gloves)
SustAt .         Harm     .     (no boots)
MR     +....                    (no amulet)
Stlth  ..........               D - ring of magical power
                                q - ring of protection from fire

@: corroded, non-regenerating, somewhat resistant to hostile enchantments,
extremely unstealthy
A: damage resistance, recharge devices, sense surroundings 1, slow regeneration
3
a: Device Recharging, Heroism, Renounce Religion


You were on level 3 of the Dungeon.
You worshipped Okawaru.
Okawaru was aware of your devotion.
You were not hungry.

You visited 2 branches of the dungeon, and saw 6 of its levels.

You collected 264 gold pieces.

Inventory:

Hand Weapons
 a - a +0 long sword
 p - a +0 war axe
 x - a +0 blowgun
 C - a +0 falchion (weapon)
Missiles
 h - a curare-tipped needle (quivered)
Armour
 b - a +0 scale mail
 c - a +0 shield (worn)
 w - a +0 helmet (worn)
 y - a +0 chain mail (worn)
Jewellery
 q - a ring of protection from fire (left hand)
 z - an uncursed amulet of faith {unknown}
 D - a ring of magical power (right hand)
Wands
 e - a wand of heal wounds (1/9)
Scrolls
 d - 2 scrolls of enchant armour {unknown}
 g - 3 scrolls of teleportation
 i - a scroll of fog {unknown}
 k - 3 scrolls of magic mapping {unknown}
 l - 2 scrolls of identify
 r - a scroll of remove curse {unknown}
 s - a scroll of recharging {unknown}
 t - a scroll of immolation {unknown}
 A - a scroll of fear {unknown}
Potions
 m - a potion of lignification {unknown}
 n - 2 potions of agility
 u - 2 potions of flight
Books
 v - a book of Maledictions

   Spells                             Type                      Level
   a - Corona                         Hexes                        1
   b - Ensorcelled Hibernation        Hexes/Ice                    2
   c - Confuse                        Hexes                        3
   d - Tukima's Dance                 Hexes                        3
   e - Dazzling Spray                 Conjuration/Hexes            3
Comestibles
 f - a bread ration
 B - a meat ration


   Skills:
 * Level 5.1 Fighting
 + Level 3.7 Long Blades
 * Level 6.1 Armour
 + Level 3.4 Dodging
 + Level 5.0 Shields
 + Level 1.2 Spellcasting
 + Level 3.2 Evocations


You had 9 spell levels left.
You didn't know any spells.

Dungeon Overview and Level Annotations

Branches:
Dungeon (5/15)             Temple (1/1) D:4

Altars:
Cheibriados
Kikubaaqudgha
Nemelex Xobeh
Okawaru
Pakellas
Qazlal
Ru
Sif Muna
Trog
Vehumet


Innate Abilities, Weirdness & Mutations

You are resistant to damage.
You can recharge devices by infusing magical energy.
You passively map a small area around you.
You do not regenerate naturally.


Message History

The jelly is lightly wounded.
You block the jelly's attack.
You hit the jelly but do no damage.
Your hands burn!
* * * LOW HITPOINT WARNING * * *
The jelly is lightly wounded.
The jelly hits you.
You are splashed with acid!
The acid corrodes you!
The acid burns!
* * * LOW HITPOINT WARNING * * *
You hit the jelly but do no damage.
Your hands burn!
The jelly is lightly wounded.
The jelly hits you.
* * * LOW HITPOINT WARNING * * *
You are splashed with acid!
The acid burns!
* * * LOW HITPOINT WARNING * * *
You hit the jelly but do no damage. The acid corrodes you!
Your hands burn!
The jelly is lightly wounded.
The jelly hits you.
You are splashed with acid!
The acid burns!
* * * LOW HITPOINT WARNING * * *
You hit the jelly but do no damage. The acid corrodes you!
Your hands burn!
You die...

##......## ##......>.##
#..........# #..........#
#..........# #..........#
######### #..........#
.....[..##########........##
#######.(......J@(........##
###########..<.......#
##............# ##
##..#..........####
.############..##.............#
.##........##.###.............#
..)........##.# ##............#
.##........##.# ##...........#
.##...........# #####..[....#


You could see a jelly.

Vanquished Creatures
  The ghost of sarahorange the Thaumaturge, a novice DEWz of Vehumet (D:5)
  Sigmund (D:3)
  A phantom (D:4)
  The ghost of raikaria the Changer, an amateur MfTm (D:3)
  2 howler monkeys
  3 hounds
  An orc priest (D:5)
  2 orc wizards
  Jessica (D:3)
  An iguana (D:4)
  Terence (D:3)
  2 worker ants (D:4)
  Robin (D:4)
  A gnoll (D:1)
  7 adders
  An adder zombie (D:5)
  2 worms (D:2)
  3 dart slugs
  3 giant geckos
  17 orcs
  5 giant cockroaches
  10 hobgoblins
  4 jackals (D:2)
  9 kobolds
  4 quokkas
  A ball python (D:1)
  10 bats
  7 giant newts
  8 goblins
  A jackal skeleton (D:4)
  5 rats
116 creatures vanquished.

Vanquished Creatures (others)
  An orc (D:5)
1 creature vanquished.

Grand Total: 117 creatures vanquished

Notes
Turn   | Place    | Note
--------------------------------------------------------------
     0 | D:1      | Metae the Deep Dwarf Fighter began the quest for the Orb.
     0 | D:1      | Reached XP level 1. HP: 20/20 MP: 1/1
   117 | D:1      | Reached XP level 2. HP: 17/27 MP: 2/2
   498 | D:1      | Reached skill level 1 in Evocations
   531 | D:1      | Reached XP level 3. HP: 17/33 MP: 3/3
  1084 | D:2      | Reached XP level 4. HP: 30/42 MP: 5/5
  1108 | D:2      | Found a faded altar to an unknown god.
  1145 | D:2      | Reached skill level 4 in Armour
  1636 | D:3      | Reached skill level 1 in Dodging
  1825 | D:3      | Noticed raikaria's ghost (amateur MfTm)
  1885 | D:3      | Killed raikaria's ghost
  1885 | D:3      | Reached XP level 5. HP: 18/49 MP: 6/6
  1949 | D:3      | Noticed Jessica
  1955 | D:3      | Killed Jessica
  2269 | D:3      | Noticed Terence
  2288 | D:3      | Killed Terence
  2288 | D:3      | Reached XP level 6. HP: 48/57 MP: 7/7
  2340 | D:3      | Noticed Sigmund
  2464 | D:3      | Killed Sigmund
  2464 | D:3      | Reached skill level 5 in Armour
  2577 | D:4      | Reached XP level 7. HP: 25/64 MP: 8/8
  2586 | D:4      | Noticed Robin
  2622 | D:4      | Killed Robin
  2902 | D:4      | Found a staircase to the Ecumenical Temple.
  2954 | Temple   | Entered the Ecumenical Temple
  3394 | Temple   | Became a worshipper of Warmaster Okawaru
  3597 | D:4      | Found a sparkling altar of Nemelex Xobeh.
  3677 | D:5      | Entered Level 5 of the Dungeon
  3701 | D:5      | Noticed sarahorange's ghost (novice DEWz)
  3862 | D:5      | Killed sarahorange's ghost
  3862 | D:5      | Reached * piety under Okawaru
  3862 | D:5      | Reached skill level 5 in Fighting
  3862 | D:5      | Reached skill level 6 in Armour
  3862 | D:5      | Reached skill level 5 in Shields
  3862 | D:5      | Reached skill level 1 in Spellcasting
  3862 | D:5      | Reached XP level 8. HP: 33/74 MP: 7/7
  4075 | D:3      | HP: 1/74 [acid (8)]
  4076 | D:3      | Splashed by a jelly's acid

Skill      XL: |  1  2  3  4  5  6  7 |
---------------+----------------------+-----
Evocations     | 1 2 3 |  3.2
Fighting       | 3 4 5 |  5.1
Armour         | 4 5 6 |  6.1
Dodging        | 1 2 3 |  3.4
Shields        | 4 5 |  5.0
Long Blades    | 3 |  3.7
Spellcasting   | 1 |  1.2

Action                   |  1- 3 |  4- 6 |  7- 9 || total
-------------------------+-------+-------+-------++-------
Melee: Long sword        |   147 |   266 |    35 ||   448
       Falchion          |       |       |   217 ||   217
 Abil: Device Recharging |       |     1 |     3 ||     4
Evoke: Wand              |     1 |     7 |    12 ||    20
  Use: Potion            |       |     2 |     2 ||     4
       Scroll            |       |     2 |     1 ||     3
  Eat: Chunk             |     1 |     2 |     1 ||     4
       Bread ration      |       |     1 |     1 ||     2
Armor: Scale mail        |    73 |    33 |       ||   106
       Chain mail        |       |   121 |   125 ||   246
Dodge: Dodged            |    61 |    78 |    91 ||   230
Block: Shield            |   100 |   160 |   137 ||   397
